 Dungeon Crawl Stone Soup version 0.29-a0-613-gf2c431b9b9 (webtiles) character file.

Game seed: 7175223158021567142

39 bande the Covered (level 3, 0/23 HPs)
             Began as a Gargoyle Fighter on June 16, 2022.
             Slain by a gnoll
             ... wielding a +0 flail
              (7 damage)
             ... on level 2 of the Dungeon.
             The game lasted 00:01:27 (1277 turns).

bande the Covered (Gargoyle Fighter)                Turns: 1277, Time: 00:01:28

Health: 0/23       AC: 12    Str: 19    XL:     3   Next: 47%
Magic:  3/3        EV:  9    Int:  8    God:
Gold:   61         SH:  5    Dex: 17    Spells: 2/2 levels left

rFire   . . .      SeeInvis .   a - +0 war axe
rCold   . . .      Faith    .   c - +0 buckler
rNeg    + . .      Spirit   .   b - +0 scale mail
rPois   ∞          Reflect  .   i - +1 helmet
rElec   +          Harm     .   (no cloak)
rCorr   .          Rampage  .   (no gloves)
Will    +....                   (no boots)
Stlth   ..........              (no amulet)
HPRegen 0.07/turn               g - ring of willpower
MPRegen 0.08/turn               f - +6 ring of dexterity

@: no status effects
A: sickness immunity, AC +3, negative energy resistance 1, electricity
resistance, torment resistance 1, petrification resistance
a: no special abilities


You were on level 2 of the Dungeon.
You visited 1 branch of the dungeon, and saw 2 of its levels.

You collected 61 gold pieces.

Inventory:

Hand Weapons
 a - a +0 war axe (weapon)
Armour
 b - a +0 scale mail (worn)
 c - a +0 buckler (worn)
 i - a +1 helmet (worn)
Jewellery
 e - a ring of protection from cold
 f - a +6 ring of dexterity (right hand)
 g - a ring of willpower (left hand)
Scrolls
 h - a scroll of amnesia {unknown}
Potions
 d - a potion of might
 j - a potion of heal wounds {unknown}


   Skills:
 + Level 3.5 Fighting
 + Level 2.5 Axes
 + Level 3.8 Armour
 + Level 3.5 Shields


You had 2 spell levels left.
You didn't know any spells.
Your spell library was empty.

Dungeon Overview and Level Annotations

Branches:
Dungeon (2/15)

Altars:


Innate Abilities, Weirdness & Mutations

You are immune to sickness and miasma.
Your stone body is resilient. (AC +3)
You are immune to poison.
You resist negative energy. (rN+)
You are resistant to electric shocks. (rElec)
You are resistant to unholy torment.
You are immune to petrification.


Message History

Found a stone staircase leading down.
You see here an adder corpse.
A goblin comes into view. It is wielding a +0 dagger.
The goblin shouts!
The goblin unwields a +0 dagger.
The goblin wields a +0 hunting sling.
The goblin shoots a sling bullet.
The sling bullet hits you but does no damage.
The goblin shoots a sling bullet.
The sling bullet hits you but does no damage.
A gnoll comes into view. It is wielding a +0 flail.
The goblin shoots a sling bullet.
The sling bullet closely misses you.
The gnoll shouts!
A gnoll comes into view. It is wielding a +0 whip.
The goblin shoots a sling bullet.
The sling bullet closely misses you.
The goblin shoots a sling bullet.
The sling bullet misses you.
You barely miss the gnoll. You slash the goblin!
You kill the goblin!
The gnoll hits you with a +0 flail.
A gnoll comes into view. It is wielding a +0 club.
You hit the gnoll.
The gnoll is lightly wounded.
You hit the gnoll.
The gnoll is lightly wounded.
You barely miss the gnoll. The gnoll closely misses you.
The gnoll hits you but does no damage. The gnoll hits you with a +0 whip.
The gnoll hits you with a +0 flail!
You are too injured to fight recklessly!
You are too injured to fight recklessly!
You are too injured to fight recklessly!
You are too injured to fight recklessly!
You are too injured to fight recklessly!
You are too injured to fight recklessly!
You are too injured to fight recklessly!
You are too injured to fight recklessly!
You are too injured to fight recklessly!
The gnoll attacks as you move away! The gnoll barely misses you.
The gnoll attacks as you move away! You block the gnoll's attack.
The gnoll attacks as you move away! The gnoll barely misses you.
The gnoll attacks as you move away! The gnoll hits you with a +0 flail!
You die...

#.......# #....# ####
#.......# # #...># #...
#...)...# #.###....###.#
#.......# #...#....##..#
#...g...# #..........#
#.......# ###.....##.#
#....$..# ##.....##.##
#.....gg## #....####..#
#####...@# #....# ##..
#.##.#####.##..####..
#.##..†......#.......
.....................##.
####.#######.##..###..#.
#. #.# #.####.#. #.#
#........ #.# ###.#<.
..# #.....


You could see 3 gnolls.

Vanquished Creatures
  An adder (D:2)
  A worm (D:2)
  3 bats (D:1)
  4 endoplasms (D:1)
  A giant cockroach (D:1)
  4 hobgoblins (D:1)
  A kobold (D:1)
  A quokka (D:1)
  3 ball pythons
  A frilled lizard (D:1)
  2 goblins
  4 rats
26 creatures vanquished.

Notes
Turn   | Place    | Note
-------+----------+-------------------------------------------
     0 | D:1      | bande the Gargoyle Fighter began the quest for the Orb.
     0 | D:1      | Reached XP level 1. HP: 14/14 MP: 1/1
   278 | D:1      | Reached XP level 2. HP: 14/19 MP: 2/2
   966 | D:1      | Reached XP level 3. HP: 23/23 MP: 3/3
  1277 | D:2      | Slain by a gnoll

Illustrated notes

Levels and vault maps discovered:
D:1:      psy_arrival_spokes, layout_loops_ring
D:2:      layout_rooms, basic_altar, grunt_decor_cap

Skill      XL: |  1  2 |
---------------+-------+-----
Axes           | 2 |  2.5
Fighting       | |  3.5
Armour         | |  3.8
Shields        | |  3.5

Action                   || total
-------------------------++-------
Melee: War axe           ||    65
  Use: Scroll            ||     2
Armor: Scale mail        ||    34
Dodge: Dodged            ||    30
Block: Buckler           ||    12

Table legend: (Time is in decaauts)
 A = Elapsed time spent in this place.
 B = Non-inter-level travel time spent in this place.
 C = Inter-level travel time spent in this place.
 D = Time resting spent in this place.
 E = Time spent auto-exploring this place.
 F = Levels seen in this place.
 G = Mean time per level.
                   A        B        C        D        E       F      G
               +--------+--------+--------+--------+--------+-----+--------+
         Total |   1303 |   1266 |     37 |      0 |   1065 |   2 |  651.5 |
       Dungeon |   1303 |   1266 |     37 |      0 |   1065 |   2 |  651.5 |
               +--------+--------+--------+--------+--------+-----+--------+

Top non-repeatable levels by time:
     D:1: 1077 daAuts
     D:2: 225 daAuts
